 Dungeon Crawl Stone Soup version 0.30.0-5-g1a98f26d00 (webtiles) character file.

Game seed: 14620670097929021536

256 monsoonserge the Trooper (level 6, -6/53 HPs)
             Began as a Meteoran Monk on May 12, 2023.
             Mangled by Menkaure (15 damage)
             ... in an ossuary.
             The game lasted 00:13:39 (2024 turns).

monsoonserge the Trooper (Meteoran Monk)            Turns: 2024, Time: 00:13:40

Health: -6/53      AC:  9    Str: 12    XL:     6   Next: 66%
Magic:  7/7        EV:  7    Int: 13    God:
Gold:   233        SH:  4    Dex: 18    Spells: 5/5 levels left

rFire   . . .        q - +2 short sword (venom)
rCold   . . .        h - +0 buckler
rNeg    . . .        p - +0 chain mail
rPois   .            (no helmet)
rElec   .            (no cloak)
rCorr   .            (no gloves)
SInv    .            (no boots)
Will    .....        (no amulet) Stlth
                     (no ring)
HPRegen 0.28/turn    (no ring)
MPRegen 0.10/turn

%: no passive effects
@: glowing
A: sense surroundings 1, otherworldly, glowing, explore regen
a: no special abilities


You were in an ossuary.
You visited 1 branch of the dungeon, and saw 4 of its levels.
You also visited: Ossuary.

You collected 233 gold pieces.

Inventory:

Hand Weapons
 a - a +0 falchion
 j - a +2 short sword of draining
 q - a +2 short sword of venom (weapon)
Armour
 b - a +0 robe
 d - an orb of light
 g - a +0 ring mail
 h - a +0 buckler (worn)
 o - a +0 scale mail
 p - a +0 chain mail (worn)
Scrolls
 e - 2 scrolls of noise {unknown}
 f - a scroll of brand weapon {unknown}
 i - a scroll of summoning {unknown}
 k - 2 scrolls of teleportation {unknown}
 m - 4 scrolls of identify {unknown}
 n - a scroll of enchant armour {unknown}
Potions
 c - a potion of ambrosia


   Skills:
 + Level 4.5 Fighting
 + Level 3.3(4.2) Short Blades
 - Level 4.2(4.9) Long Blades
 * Level 3.0 Armour
 + Level 4.2 Dodging
 + Level 0.1 Stealth
 + Level 0.6 Shields


You had 5 spell levels left.
You didn't know any spells.
Your spell library contained the following spells:

 Spells                   Type           Power      Damage    Failure   Level
 Ensorcelled Hibernation  Hex/Ice        0%         N/A       100%        2
 Passwall                 Tmut/Erth      0%         N/A       100%        2
 Swiftness                Air            0%         N/A       100%        3


Dungeon Overview and Level Annotations

Branches:
Dungeon (4/15) Zot: 753   Ossuary (1/1) Zot: 255
 Temple: D:4-7

Altars:
Uskayaw
Zin

Annotations:
D:3 Sigmund Ossuary Menkaure


Innate Abilities, Weirdness & Mutations

You passively map a small area around you.
You are easily found by Zot.
You glow in the dark.
You regain HP and MP as you explore.


Message History

You hit the mummy.
The mummy is almost destroyed.
Menkaure hits you but does no damage. You block the mummy's attack.
You hit the mummy.
You destroy the mummy!
Menkaure gestures at you while chanting.
Pain shoots through your body!
Your Armour skill increases to level 3!
You hit Menkaure.
Menkaure is moderately damaged.
Menkaure hits you but does no damage.
Press: ? - help, v - describe, . - travel
Here: Menkaure (moderately damaged, fast)
The floor.
You hit Menkaure but do no damage.
Menkaure is moderately damaged.
You block the mummy's attack.
You hit Menkaure.
Menkaure is moderately damaged.
Menkaure points at you and mumbles some strange words.
Pain shoots through your body! Menkaure hits you but does no damage.
You barely miss Menkaure.
Menkaure is moderately damaged.
Menkaure barely misses you. The mummy hits you!
You hit Menkaure.
Menkaure is heavily damaged.
You hit Menkaure.
Menkaure is severely damaged.
Menkaure is no longer moving quickly.
Menkaure calls on the powers of darkness!
Your body is wracked with pain!
* * * LOW HITPOINT WARNING * * *
You feel much better. Menkaure hits you!
* * * LOW HITPOINT WARNING * * *
The mummy hits you.
* * * LOW HITPOINT WARNING * * *
You barely miss Menkaure.
Menkaure is severely damaged.
Menkaure hits you!
You die...

##..##..##....##..##
##..##..##..##..##..#
##..##..##..####..##..
##..##..##..## ##..##.
##..##..##..##, ##..##
##..##..##^.## , ##..#
##..##..##^.##,,, ,,##..
##..##..##..##, , , ,##.
##..##..##M@## , , , ,, ##
##..##..##.M##** * * * '#
##..##^.##.....MMM.M , , ,
##..##..#######################
##..##..........................
##..#############################
#................................
#################################


You could see Menkaure and a mummy.

Vanquished Creatures
  A sleepcap (D:2)
  An iguana (D:4)
  Terence (D:2)
  2 mummies (Ossuary)
  4 gnolls (D:3)
  3 worms
  2 dart slugs
  An orc (D:3)
  2 ball pythons (D:3)
  3 endoplasms
  3 giant cockroaches
  4 goblins
  8 hobgoblins
  4 jackals (D:2)
  4 quokkas
  10 bats
  4 frilled lizards
  2 gnoll skeletons (Ossuary)
  3 gnoll zombies (Ossuary)
  7 goblin skeletons (Ossuary)
  5 goblin zombies (Ossuary)
  2 hobgoblin skeletons (Ossuary)
  4 hobgoblin zombies (Ossuary)
  6 kobolds
  3 kobold skeletons (Ossuary)
  6 kobold zombies (Ossuary)
  5 orc skeletons (Ossuary)
  3 orc zombies (Ossuary)
  11 rats
  5 rat skeletons (Ossuary)
  4 rat zombies (Ossuary)
123 creatures vanquished.

Notes
Turn   | Place    | Note
-------+----------+-------------------------------------------
     0 | D:1      | monsoonserge the Meteoran Monk began the quest for the Orb.
     0 | D:1      | Reached XP level 1. HP: 19/19 MP: 2/2
    36 | D:1      | Reached XP level 2. HP: 25/26 MP: 3/3
   165 | D:1      | Reached XP level 3. HP: 28/31 MP: 4/4
   495 | D:1      | Glimpsed the power of Zot.
   500 | D:2      | Noticed Terence
   546 | D:2      | Reached XP level 4. HP: 38/40 MP: 5/5
   691 | D:3      | Found a glowing silver altar of Zin.
   709 | D:3      | Noticed Sigmund
   711 | D:3      | Found a hide-covered altar of Uskayaw.
   790 | D:3      | Reached skill level 1 in Short Blades
  1015 | D:2      | Killed Terence
  1016 | D:2      | Reached skill level 1 in Armour
  1016 | D:2      | Reached XP level 5. HP: 33/46 MP: 6/6
  1302 | D:3      | Reached XP level 6. HP: 10/53 MP: 7/7
  1648 | D:4      | Found a sand-covered staircase.
  1653 | Ossuary  | Entered an ossuary
  1989 | Ossuary  | Noticed Menkaure
  2024 | Ossuary  | Mangled by Menkaure

Illustrated notes

Levels and vault maps discovered:
D:1:      shiori_arrival_maze, layout_loops_ring, serial_shops, shop,
          minmay_misc_feat_chi, minmay_misc_feat_more_columns,
          minmay_hedge_maze, columned_hall_lemuel,
          wander_ebering_terrifying_dragon_lair
D:2:      layout_basic, nicolae_kite_square_tiling_tiny,
          minmay_misc_feat_hallway, uniq_terence
D:3:      layout_loops_corners, amcnicky_altar_gilded, general_overflow_altar,
          hex_large, grunt_ministairs_3, uniq_sigmund
D:4:      layout_loops_ring, marbit_many_paths, enter_ossuary_2, serial_shops,
          nicolae_shop_rolling_square
Ossuary:  ossuary_due_pyramid

Skill      XL: |  1  2  3  4  5  6 |
---------------+-------------------+-----
Long Blades    | 4 |  4.2
Dodging        | 4 |  4.2
Fighting       | 4 |  4.5
Short Blades   | 1 2 3 |  3.3
Armour         | 1 2 3 |  3.0
Stealth        | |  0.1
Shields        | |  0.6

Action                     |  1- 3 |  4- 6 || total
---------------------------+-------+-------++-------
  Melee: Falchion          |    43 |       ||    43
         Short sword       |    28 |   317 ||   345
    Use: Potion            |       |     4 ||     4
 Armour: Robe              |     4 |       ||     4
         Ring mail         |    19 |     1 ||    20
         Scale mail        |       |     6 ||     6
         Chain mail        |       |    95 ||    95
  Dodge: Dodged            |    22 |    70 ||    92
  Block: Buckler           |     1 |    37 ||    38
